 Dungeon Crawl Stone Soup version 0.10.4 character file.

243 DEFE the Covered (level 4, -13/40 HPs)
             Began as a Minotaur Fighter on Jan 12, 2020.
             Mangled by an ogre
             ... wielding a cursed -3,-2 giant club
              (19 damage)
             ... on Level 4 of the Dungeon.
             The game lasted 00:05:31 (2623 turns).

DEFE the Covered (Minotaur Fighter)                 Turns: 2623, Time: 00:05:31

HP -13/40        AC  7     Str 21      XL: 4   Next: 97%
MP   1/1         EV  6     Int  6      God:
Gold 119         SH 19     Dex  9      Spells:  0 memorised,  3 levels left

Res.Fire  : . . .   See Invis. : .   v - +0 sabre
Res.Cold  : . . .   Warding    : . . b - -1 scale mail
Life Prot.: . . .   Conserve   : .   c - +0 shield
Res.Acid. : . . .   Res.Corr.  : .   (helmet restricted)
Res.Poison: .       Clarity    : .   n - +0 cloak
Res.Elec. : .       Spirit.Shd : .   (no gloves)
Sust.Abil.: . .     Stasis     : .   (no boots)
Res.Mut.  : .       Ctrl.Telep.: +   p - cursed amulet of faith
Res.Rott. : .       Levitation : .   (no ring)
Saprovore : . . .   Ctrl.Flight: .   x - ring of teleport control

@: slightly resistant to hostile enchantments, extremely unstealthy
A: retaliatory headbutt, horns 2
a: no special abilities


You were on level 4 of the Dungeon.
You were not hungry.

You visited 1 branch of the dungeon, and saw 4 of its levels.

You collected 99 gold pieces.

Inventory:

Hand weapons
 a - a +0,-2 falchion
 s - a +0,+0 elven short sword
 v - a +0,+0 sabre (weapon)
Missiles
 f - 21 poisoned +0 needles
Armour
 b - a -1 scale mail (worn)
 c - a +0 shield (worn)
 n - a +0 cloak (worn)
 q - a +0 orcish ring mail
Comestibles
 d - 4 bread rations
 r - a choko
 z - a pear
 A - a meat ration
Scrolls
 g - a scroll of enchant weapon II {unknown}
 h - a scroll of teleportation {unknown}
 i - a scroll of detect curse {unknown}
 j - a scroll of recharging {unknown}
 k - a scroll of blinking {unknown}
 o - a scroll of fog {unknown}
 t - a scroll of curse jewellery
 u - a scroll of random uselessness {unknown}
 w - a scroll of remove curse {unknown}
 y - a scroll of fear {unknown}
Jewellery
 p - a cursed amulet of faith (around neck)
 x - a ring of teleport control (left hand)
Potions
 e - a potion of invisibility {unknown}
 l - 3 potions of curing
 m - a potion of heal wounds
 B - a potion of resistance {unknown}


   Skills:
 + Level 4.7 Fighting
 + Level 3.3 Long Blades
 + Level 5.0 Armour
 - Level 1.8 Dodging
 + Level 4.8 Shields


You had 3 spell levels left.
You didn't know any spells.

Dungeon Overview and Level Annotations

Branches:
Dungeon (4/27)
 Temple: D:4-7

Altars:
Sif Muna


Innate Abilities, Weirdness & Mutations

You reflexively headbutt those who attack you in melee.
You have a pair of horns on your head.


Message History

The ogre is heavily wounded.
The ogre hits you with a giant club!
Ouch! That really hurt!
* * * LOW HITPOINT WARNING * * *
You are too injured to fight blindly!
You are too injured to fight blindly!
You are too injured to fight blindly!
You are too injured to fight blindly!
You are too injured to fight blindly!
You hit the ogre but do no damage.
The ogre is heavily wounded.
The ogre hits you with a giant club.
* * * LOW HITPOINT WARNING * * *
You closely miss the ogre.
The ogre is heavily wounded.
The ogre completely misses you.
You hit the ogre.
The ogre is heavily wounded.
The ogre hits you with a giant club!
You die...

.#..#....# #.###
#.#....###### #.#
#.##.#... ..# #.#
#.##.#..###.###.###
#.........#.##.....
#.........#.##..... .#.
#.........#........
#...8#.O.).....#....>...
#..@.).....#........
........##.##...#.##.....
####.## #>######.##.....
$. ##.......##..... ##
#.########..... #.#
#..... ..# #..... ####
######


You could see an ogre.

Vanquished Creatures
  Crazy Yiuf (D:2)
  A hound (D:4)
  Jessica (D:2)
  A jelly (D:3)
  2 adders
  A giant gecko (D:1)
  An ooze (D:2)
  An orc (D:3)
  3 ball pythons
  2 giant cockroaches
  12 goblins
  2 hobgoblins
  7 kobolds (D:2)
  6 bats
  7 giant newts
  3 jackals (D:1)
  5 rats
  6 toadstools (D:2)
62 creatures vanquished.

Vanquished Creatures (others)
  2 toadstools (D:2)
2 creatures vanquished.

Grand Total: 64 creatures vanquished

Notes
Turn   | Place    | Note
--------------------------------------------------------------
     0 | D:1      | DEFE, the Minotaur Fighter, began the quest for the Orb.
     0 | D:1      | Reached XP level 1. HP: 19/19 MP: 0/0
   195 | D:1      | Reached XP level 2. HP: 21/26 MP: 0/0
   243 | D:1      | Reached skill level 4 in Fighting
   818 | D:2      | Noticed Jessica
   824 | D:2      | Killed Jessica
   824 | D:2      | Reached XP level 3. HP: 31/33 MP: 1/1
  1137 | D:2      | Reached skill level 1 in Dodging
  1236 | D:2      | Reached XP level 4. HP: 40/40 MP: 1/1
  1372 | D:2      | Noticed Crazy Yiuf
  1382 | D:2      | Killed Crazy Yiuf
  1415 | D:2      | HP: 2/40 [poisoned by Crazy Yiuf]
  2104 | D:3      | Found a deep blue altar of Sif Muna.
  2558 | D:4      | Reached XP level 5. HP: 37/46 MP: 1/1
  2604 | D:4      | Reached skill level 5 in Armour
  2605 | D:4      | Reached XP level 4. HP: 38/40 MP: 0/1
  2623 | D:4      | Mangled by an ogre
